[Event "December 5 Early 2023"]
[Site "https://www.chess.com"]
[Date "2023.12.05"]
[Round "8"]
[White "Renjith, Sravan"]
[Black "Rodriguez Fontecha, Marcos"]
[Result "1-0"]
[Board "73"]
[TimeControl "180+1"]
[WhiteFideId "4306783"]
[BlackFideId "2256576"]
[WhiteElo "2632"]
[BlackElo "2511"]
[WhiteTeam "NZL"]
[BlackTeam "ESP"]
[WhiteClock "0:02:34"]
[BlackClock "0:01:58"]

1. Nf3 d5 2. b3 Nf6 3. Bb2 Bf5 4. e3 e6 5. c4 c6 6. Be2 Bd6 7. O-O O-O 8. d3 h6 9. Nbd2 Bh7 10. Re1 Nbd7 11. Bf1 Qe7 12. e4 dxe4 13. dxe4 e5 14. a3 Rfd8 15. b4 a5 16. c5 Bc7 17. Qb3 Kh8 18. h3 Ne8 19. Qe3 f6 20. Nh4 Nf8 21. Nc4 Ne6 22. Nf5 Bxf5 23. exf5 Nd4 24. Bxd4 Qd7 25. Bc3 Qxf5 26. bxa5 Rd5 27. Nb6 Bxb6 28. cxb6 Nd6 29. Red1 Qe6 30. Rxd5 cxd5 31. Rd1 d4 32. Bxd4 Nf5 33. Qe1 Rxa5 34. Qxa5 1-0

[Event "December 5 Early 2023"]
[Site "https://www.chess.com"]
[Date "2023.12.05"]
[Round "8"]
[White "Budrewicz, Krzysztof"]
[Black "Gimenez Aguirre, Alejo Ismael"]
[Result "0-1"]
[Board "74"]
[TimeControl "180+1"]
[WhiteFideId "1127950"]
[BlackFideId "32041667"]
[WhiteElo "2511"]
[BlackElo "2626"]
[WhiteTeam "POL"]
[BlackTeam "ARG"]
[WhiteClock "0:00:35"]
[BlackClock "0:00:55"]

1. d4 Nf6 2. c4 e6 3. Nf3 c5 4. d5 exd5 5. cxd5 d6 6. Nc3 g6 7. Bf4 a6 8. a4 Bg7 9. e3 O-O 10. h3 Re8 11. Nd2 Qc7 12. Be2 Nbd7 13. O-O Ne5 14. Qc2 b6 15. Rfe1 Bb7 16. e4 h6 17. Bh2 g5 18. Bxe5 Rxe5 19. Nc4 Ree8 20. Ra3 Nd7 21. Rb3 Rab8 22. Ne3 Bc8 23. Nf5 Bf8 24. Nd1 Ne5 25. Nde3 Bd7 26. Rc3 b5 27. axb5 axb5 28. b4 c4 29. g3 Ng6 30. Ng4 Bxf5 31. exf5 Ne5 32. Nf6+ Kh8 33. Nxe8 Rxe8 34. Re3 Bg7 35. f4 Qb6 36. Qd2 c3 37. Qc1 gxf4 38. gxf4 Nd7 39. Bd3 Bd4 40. Kf2 Nf6 41. Kf3 Bxe3 42. Rxe3 Rxe3+ 43. Qxe3 Qxe3+ 44. Kxe3 Nxd5+ 45. Kd4 Nxb4 0-1

[Event "December 5 Early 2023"]
[Site "https://www.chess.com"]
[Date "2023.12.05"]
[Round "8"]
[White "Alikhanov, Felix"]
[Black "Skliarov, Viktor"]
[Result "1-0"]
[Board "75"]
[TimeControl "180+1"]
[WhiteFideId "4157427"]
[BlackFideId "14106736"]
[WhiteElo "2509"]
[BlackElo "2625"]
[WhiteTeam "RUS"]
[BlackTeam "UKR"]
[WhiteClock "0:01:30"]
[BlackClock "0:00:11"]

1. e4 c5 2. d4 cxd4 3. c3 d3 4. Bxd3 g6 5. c4 Bg7 6. Ne2 Nc6 7. Nbc3 Nf6 8. O-O O-O 9. f3 e6 10. f4 d5 11. cxd5 exd5 12. e5 Qb6+ 13. Kh1 Ng4 14. Qe1 Nb4 15. Bb1 d4 16. a3 dxc3 17. axb4 c2 18. Bxc2 Ne3 19. Bxe3 Qxe3 20. Nc3 Qd4 21. Qe4 Qxe4 22. Bxe4 f6 23. Bd5+ Kh8 24. e6 f5 25. Nb5 Bf6 26. Rxa7 Rxa7 27. Nxa7 Be7 28. Rc1 Bxe6 29. Bxe6 Bxb4 30. Rc8 Rxc8 31. Bxc8 b6 32. g3 Kg7 33. Kg2 Kf6 34. Nc6 Bd2 35. Kf3 g5 36. fxg5+ Kxg5 37. Nd4 f4 38. gxf4+ 1-0

[Event "December 5 Early 2023"]
[Site "https://www.chess.com"]
[Date "2023.12.05"]
[Round "8"]
[White "Tikhonov, Viacheslav"]
[Black "Ambartsumova, Karina"]
[Result "0-1"]
[Board "76"]
[TimeControl "180+1"]
[WhiteFideId "44196407"]
[BlackFideId "4166299"]
[WhiteElo "2507"]
[BlackElo "2624"]
[WhiteTeam "RUS"]
[BlackTeam "RUS"]
[WhiteClock "0:00:02"]
[BlackClock "0:00:05"]

1. e4 e5 2. Nf3 Nc6 3. Bc4 Bc5 4. O-O Nf6 5. d4 Nxd4 6. Nxe5 O-O 7. Be3 d5 8. exd5 b5 9. Bxd4 Bxd4 10. Qxd4 bxc4 11. Nc6 Qd6 12. Qxc4 Ng4 13. g3 Qh6 14. h4 Bd7 15. Nc3 Rfe8 16. Rfe1 Qd2 17. Re2 Rxe2 18. Qxe2 Qh6 19. Re1 Qf6 20. Ne4 Qxb2 21. Nc5 Bxc6 22. dxc6 Nf6 23. Nd7 h6 24. Qe5 Qxe5 25. Rxe5 Ng4 26. Re7 Rd8 27. Nc5 Rd1+ 28. Kg2 Rd2 29. Kf3 f5 30. Rxc7 Rxf2# 0-1

[Event "December 5 Early 2023"]
[Site "https://www.chess.com"]
[Date "2023.12.05"]
[Round "8"]
[White "Sreyas Payyappat"]
[Black "Agibileg, Uurtsaikh"]
[Result "0-1"]
[Board "77"]
[TimeControl "180+1"]
[WhiteFideId "46674969"]
[BlackFideId "4901606"]
[WhiteElo "2501"]
[BlackElo "2621"]
[WhiteTeam "IND"]
[BlackTeam "MGL"]
[WhiteClock "0:00:19"]
[BlackClock "0:01:35"]

1. e4 e5 2. Nf3 Nc6 3. Bc4 Nf6 4. d4 exd4 5. e5 Ne4 6. Bd5 Nc5 7. O-O d6 8. Re1 Be6 9. Bxc6+ bxc6 10. Nxd4 dxe5 11. Nxc6 Qxd1 12. Rxd1 Bd6 13. Be3 O-O 14. Nc3 f5 15. Nb5 Ne4 16. f3 Bd7 17. fxe4 Bxc6 18. Nxd6 cxd6 19. Rxd6 Bxe4 20. c4 f4 21. Bf2 Bg6 22. c5 e4 23. Bd4 e3 24. c6 Rad8 25. Rxd8 Rxd8 26. c7 Rc8 27. Rc1 Bf5 28. Bxa7 Kf7 29. b4 Ke6 30. b5 Kd7 31. Bb8 Re8 32. a4 Kc8 33. a5 Bd3 34. a6 Bxb5 35. a7 Bc6 36. Rxc6 e2 37. Rc1 e1=Q+ 38. Rxe1 Rxe1+ 39. Kf2 Ra1 40. Kf3 g5 41. Kg4 h6 42. Kh5 Ra2 43. Kxh6 g4 44. Kg5 f3 45. gxf3 gxf3 46. h4 f2 47. h5 f1=Q 48. h6 Rg2+ 49. Kh5 Qh1# 0-1

[Event "December 5 Early 2023"]
[Site "https://www.chess.com"]
[Date "2023.12.05"]
[Round "8"]
[White "Grochal, Joey"]
[Black "Martin Fuentes, Alberto"]
[Result "1-0"]
[Board "78"]
[TimeControl "180+1"]
[WhiteFideId "1019945"]
[BlackFideId "2292289"]
[WhiteElo "2498"]
[BlackElo "2615"]
[WhiteTeam "NED"]
[BlackTeam "ESP"]
[WhiteClock "0:00:30"]
[BlackClock "0:00:00"]

1. e4 e6 2. d4 d5 3. Nc3 Bb4 4. e5 Ne7 5. a3 Bxc3+ 6. bxc3 b6 7. h4 Ba6 8. Bxa6 Nxa6 9. h5 h6 10. a4 Nb8 11. Rh4 Nbc6 12. Rg4 Nf5 13. Ba3 Qd7 14. Ne2 O-O-O 15. Qd3 Na5 16. Qa6+ Kb8 17. Bb4 Nc4 18. a5 Qc6 19. axb6 axb6 20. Ng3 Nxg3 21. Rxg3 Rhg8 22. Rf3 Qb7 23. Rxf7 Qxa6 24. Rxa6 g6 25. hxg6 Rxg6 26. g3 Rh8 27. Ke2 h5 28. Ra1 h4 29. Rh1 h3 30. Rf8+ Rxf8 31. Bxf8 Rg8 32. Be7 Rh8 33. Bg5 Kc8 34. Kf3 Kd7 35. Kg4 h2 36. Kf3 Na3 37. Kg2 Nxc2 38. Rxh2 Rxh2+ 39. Kxh2 c5 40. Be3 c4 41. Kg2 Na3 42. Bc1 Nb1 43. Bb2 b5 44. f4 Ke7 45. g4 Kf7 46. f5 b4 47. cxb4 c3 48. Bc1 Nd2 49. b5 Nc4 50. Kf3 1-0

[Event "December 5 Early 2023"]
[Site "https://www.chess.com"]
[Date "2023.12.05"]
[Round "8"]
[White "Narva, Mai"]
[Black "Filipovic, Slobodan J"]
[Result "1-0"]
[Board "79"]
[TimeControl "180+1"]
[WhiteFideId "4500512"]
[BlackFideId "939633"]
[WhiteElo "2615"]
[BlackElo "2461"]
[WhiteTeam "EST"]
[BlackTeam "SRB"]
[WhiteClock "0:00:14"]
[BlackClock "0:00:12"]

1. e4 c5 2. Nf3 Nc6 3. Bb5 Nf6 4. e5 Nd5 5. Nc3 Nc7 6. Bxc6 dxc6 7. O-O Bg4 8. h3 Bh5 9. d3 c4 10. dxc4 Qxd1 11. Rxd1 Bxf3 12. gxf3 g5 13. Ne4 Ne6 14. Be3 Bg7 15. Nxg5 Nxg5 16. Bxg5 Bxe5 17. Be3 Rg8+ 18. Kf1 Rg6 19. f4 Bc7 20. Ke2 Rf6 21. Rd4 Rh6 22. Rg1 Rg6 23. Rgd1 Rd6 24. f5 Rad8 25. Rxd6 Bxd6 26. Rg1 Be5 27. c3 b6 28. h4 c5 29. h5 Bf6 30. h6 Kd7 31. Kf3 Kc6 32. Ke4 a5 33. Bf4 b5 34. cxb5+ Kxb5 35. Be5 Rd2 36. Bxf6 exf6 37. Rg7 Rxb2 38. Rxh7 Rxf2 39. Rxf7 Rh2 40. Rxf6 Kc4 41. Rg6 Kxc3 42. f6 c4 43. f7 Kb2 44. f8=Q c3 45. Qb8+ Kxa2 46. Qxh2+ c2 47. Qxc2+ Ka1 48. Rg1# 1-0

[Event "December 5 Early 2023"]
[Site "https://www.chess.com"]
[Date "2023.12.05"]
[Round "8"]
[White "Aswath, S"]
[Black "Sai Han Thiha"]
[Result "1-0"]
[Board "80"]
[TimeControl "180+1"]
[WhiteFideId "46694919"]
[BlackFideId "13012290"]
[WhiteElo "2606"]
[BlackElo "2435"]
[WhiteTeam "IND"]
[BlackTeam "MYA"]
[WhiteClock "0:00:34"]
[BlackClock "0:00:00"]

1. c4 Nf6 2. g3 g6 3. Bg2 Bg7 4. Nc3 O-O 5. d4 d6 6. h3 e5 7. Nf3 Qe7 8. O-O c6 9. Be3 e4 10. Nd2 d5 11. Qb3 Be6 12. Bg5 dxc4 13. Qc2 Qd7 14. Bxf6 Bxf6 15. Ndxe4 Bg7 16. Nc5 Qxd4 17. Nxe6 fxe6 18. e3 Qc5 19. Rad1 Na6 20. Rd7 Rad8 21. Rxb7 Qe5 22. Qa4 Nc5 23. Qxa7 Nxb7 24. Qxb7 Rd2 25. a4 Qc5 26. Ne4 Qd5 27. Nxd2 Qxd2 28. Qxc6 Qxb2 29. Qxe6+ Kh8 30. Qxc4 Qa3 31. h4 Be5 32. Qb5 Qe7 33. a5 Rb8 34. Qd5 Rd8 35. Qb7 Rd7 36. Qb5 Rd8 37. a6 Bg7 38. Qb7 Rd7 39. a7 1-0

[Event "December 5 Early 2023"]
[Site "https://www.chess.com"]
[Date "2023.12.05"]
[Round "8"]
[White "Herman, Daniel"]
[Black "Jaiveer Mahendru"]
[Result "1-0"]
[Board "81"]
[TimeControl "180+1"]
[WhiteFideId "30935008"]
[BlackFideId "25611151"]
[WhiteElo "2424"]
[BlackElo "2604"]
[WhiteTeam "USA"]
[BlackTeam "IND"]
[WhiteClock "0:00:54"]
[BlackClock "0:01:08"]

1. c4 b6 2. d4 Bb7 3. Nc3 Nf6 4. f3 d5 5. cxd5 Nxd5 6. e4 Nxc3 7. bxc3 e6 8. Be3 Nd7 9. Bd3 Be7 10. Ne2 O-O 11. O-O c5 12. Qd2 Rc8 13. Rab1 Nf6 14. a4 Ba8 15. Ba6 Rc7 16. Bf4 Rd7 17. Bb5 cxd4 18. Bxd7 dxc3 19. Nxc3 Bc5+ 20. Kh1 Nxd7 21. Rfd1 Bc6 22. Bd6 Bxd6 23. Qxd6 Qa8 24. Nb5 Rc8 25. Rbc1 Nc5 26. Nc7 Qb7 27. Qd8+ Be8 28. Nxe8 Rxd8 29. Rxd8 Qe7 30. Nf6# 1-0

[Event "December 5 Early 2023"]
[Site "https://www.chess.com"]
[Date "2023.12.05"]
[Round "8"]
[White "Bolat, Inayat"]
[Black "Janaszak, Dawid"]
[Result "0-1"]
[Board "82"]
[TimeControl "180+1"]
[WhiteFideId "13733125"]
[BlackFideId "1119206"]
[WhiteElo "2423"]
[BlackElo "2601"]
[WhiteTeam "KAZ"]
[BlackTeam "POL"]
[WhiteClock "0:00:00"]
[BlackClock "0:00:19"]

1. e4 c5 2. Nf3 b6 3. d4 cxd4 4. Nxd4 Bb7 5. Nc3 e6 6. Be3 Bb4 7. f3 Nf6 8. Bd3 O-O 9. O-O d5 10. e5 Nfd7 11. f4 Nc6 12. Rf3 g6 13. Rg3 Nxd4 14. Bxd4 Bc5 15. Ne2 a5 16. f5 Nxe5 17. Bxc5 bxc5 18. Nf4 Nxd3 19. Qxd3 exf5 20. Qxf5 Qb6 21. b3 c4+ 22. Kh1 Qf2 23. Qg5 cxb3 24. axb3 Rae8 25. h4 Re4 26. Nd3 Qxc2 27. Nf4 Qf2 28. Rf3 Qd4 29. Raf1 Qe5 30. Qg3 d4 31. Qg4 Bc8 32. Qg3 Bf5 33. Qf2 Re3 34. Nd3 Rxf3 35. Qxf3 Qe3 36. Qxe3 dxe3 37. Nf4 Rb8 38. Re1 Rxb3 39. Nd5 a4 40. Nxe3 Be6 41. Nc2 Rc3 42. Nb4 a3 43. Ra1 a2 44. Kh2 Rc4 45. Nd3 Rxh4+ 46. Kg3 Rd4 0-1

[Event "December 5 Early 2023"]
[Site "https://www.chess.com"]
[Date "2023.12.05"]
[Round "8"]
[White "Navarrete Mendez, Gonzalo Alberto"]
[Black "Hoffmann, Asa"]
[Result "1-0"]
[Board "83"]
[TimeControl "180+1"]
[WhiteFideId "5106850"]
[BlackFideId "2001470"]
[WhiteElo "2599"]
[BlackElo "2415"]
[WhiteTeam "MEX"]
[BlackTeam "USA"]
[WhiteClock "0:00:56"]
[BlackClock "0:01:27"]

1. e4 d6 2. d4 Nf6 3. Nc3 c6 4. f4 Qa5 5. e5 Nd5 6. Nf3 Bg4 7. h3 Bxf3 8. Qxf3 e6 9. Bd2 Nxc3 10. bxc3 g6 11. Bd3 d5 12. O-O c5 13. Rab1 cxd4 14. f5 gxf5 15. Bxf5 Qc7 16. Bxe6 fxe6 17. Qh5+ Kd8 18. Bg5+ Kc8 19. Qe8+ 1-0

[Event "December 5 Early 2023"]
[Site "https://www.chess.com"]
[Date "2023.12.05"]
[Round "8"]
[White "Toman, Ondrej"]
[Black "Tymrakiewicz, Rafal"]
[Result "1/2-1/2"]
[Board "84"]
[TimeControl "180+1"]
[WhiteFideId "344516"]
[BlackFideId "1108832"]
[WhiteElo "2597"]
[BlackElo "2422"]
[WhiteTeam "CZE"]
[BlackTeam "POL"]
[WhiteClock "0:00:09"]
[BlackClock "0:00:05"]

1. d4 d5 2. c4 c6 3. Nc3 Nf6 4. Nf3 a6 5. e3 Bg4 6. Be2 e6 7. b3 Nbd7 8. O-O Bd6 9. Qc2 O-O 10. h3 Bh5 11. e4 dxe4 12. Nxe4 Nxe4 13. Qxe4 Bg6 14. Qe3 Re8 15. Bb2 Qa5 16. a3 e5 17. dxe5 Nxe5 18. b4 Qc7 19. c5 Nxf3+ 20. Qxf3 Be5 21. Bxe5 Qxe5 22. Bc4 Qe4 23. Qc3 Qe5 24. Qxe5 Rxe5 25. Rfe1 Rxe1+ 26. Rxe1 Kf8 27. f4 Rd8 28. g3 Rd4 29. Bf1 Be4 30. Kf2 f5 31. g4 g6 32. Be2 Rd2 33. Rd1 Rxd1 34. Bxd1 fxg4 35. Bxg4 Bf5 36. Kg3 Bxg4 37. Kxg4 Kg7 38. f5 Kf6 39. fxg6 Kxg6 40. Kf4 Kf6 41. Ke4 Ke6 42. Kf4 Kf6 43. Kg4 Kg6 44. h4 h6 45. Kf4 Kf6 46. Kg4 Kg6 47. Kf4 Kf6 48. Kg4 Kg6 1/2-1/2

[Event "December 5 Early 2023"]
[Site "https://www.chess.com"]
[Date "2023.12.05"]
[Round "8"]
[White "Batbold, Nyamsuren"]
[Black "Ianovsky, Matias Manuel"]
[Result "1-0"]
[Board "85"]
[TimeControl "180+1"]
[WhiteFideId "4903331"]
[BlackFideId "112470"]
[WhiteElo "2402"]
[BlackElo "2595"]
[WhiteTeam "MGL"]
[BlackTeam "ARG"]
[WhiteClock "0:00:11"]
[BlackClock "0:00:00"]

1. d4 Nf6 2. c4 g6 3. Nc3 d5 4. cxd5 Nxd5 5. e4 Nxc3 6. bxc3 Bg7 7. Bc4 c5 8. Ne2 Nc6 9. Be3 O-O 10. O-O cxd4 11. cxd4 Bg4 12. f3 Na5 13. Bxf7+ Rxf7 14. fxg4 Rxf1+ 15. Kxf1 Qd7 16. h3 Qe6 17. Qd3 Nc4 18. Rc1 Nxe3+ 19. Qxe3 Qxa2 20. e5 a5 21. Kg1 a4 22. Qf3 Rf8 23. Qd3 Bh6 24. Rb1 Be3+ 25. Kh1 Rf2 26. Nc3 Qd2 27. Qxd2 Rxd2 28. Nxa4 Bxd4 29. e6 Ra2 30. Nb6 Ra6 31. Nd7 Rxe6 32. Rxb7 Kg7 33. Kh2 g5 34. Rb5 h6 35. Rf5 Rd6 36. Ne5 Rd5 37. Nf3 Rxf5 38. gxf5 Bc5 39. g4 Kf6 40. Nd2 Bd6+ 41. Kg2 Bf4 42. Ne4+ Ke5 43. Kf3 Bc1 44. Ng3 1-0

[Event "December 5 Early 2023"]
[Site "https://www.chess.com"]
[Date "2023.12.05"]
[Round "8"]
[White "YurasovMat-2012"]
[Black "Lund, Gunnar"]
[Result "1-0"]
[Board "86"]
[TimeControl "180+1"]
[BlackFideId "1520814"]
[WhiteElo "2353"]
[BlackElo "2594"]
[BlackTeam "NOR"]
[WhiteClock "0:02:23"]
[BlackClock "0:00:46"]

1. e4 e6 2. d3 d5 3. Nd2 dxe4 4. dxe4 Nf6 5. g3 b6 6. Bg2 Bb7 7. Ne2 Be7 8. O-O Qc8 9. Re1 O-O 10. Nf4 Rd8 11. b3 c5 12. Bb2 Nc6 13. e5 Nd5 14. Nxd5 exd5 15. e6 fxe6 16. Qg4 Bf8 17. Rxe6 Qd7 18. Rae1 Bc8 19. c4 Qf7 20. cxd5 Rxd5 21. Bxd5 1-0

[Event "December 5 Early 2023"]
[Site "https://www.chess.com"]
[Date "2023.12.05"]
[Round "8"]
[White "Starozhilov, Leonid"]
[Black "Ovezdurdyyeva, Jemal"]
[Result "1-0"]
[Board "87"]
[TimeControl "180+1"]
[WhiteFideId "14106752"]
[BlackFideId "14001888"]
[WhiteElo "2742"]
[BlackElo "2397"]
[WhiteTeam "UKR"]
[BlackTeam "TKM"]
[WhiteClock "0:01:30"]
[BlackClock "0:01:13"]

1. b3 Nf6 2. Bb2 e6 3. c4 b6 4. Nf3 Bb7 5. g3 c5 6. Bg2 Be7 7. O-O O-O 8. d4 d5 9. cxd5 Nxd5 10. Nc3 Nxc3 11. Bxc3 Bf6 12. Rc1 Na6 13. dxc5 Bxc3 14. Rxc3 Nxc5 15. Qc2 Qf6 16. b4 Be4 17. Qc1 Na4 18. Rc7 b5 19. Qe3 Bd5 20. Rfc1 a6 21. Ne5 Bxg2 22. Kxg2 Qf5 23. g4 Qf6 24. Nd7 Qg5 25. Qxg5 1-0

[Event "December 5 Early 2023"]
[Site "https://www.chess.com"]
[Date "2023.12.05"]
[Round "8"]
[White "Sadubayev, Airat"]
[Black "Devaev, Alexander"]
[Result "0-1"]
[Board "88"]
[TimeControl "180+1"]
[WhiteFideId "13713264"]
[BlackFideId "4169395"]
[WhiteElo "2668"]
[BlackElo "2516"]
[WhiteTeam "KAZ"]
[BlackTeam "RUS"]
[WhiteClock "0:00:24"]
[BlackClock "0:00:35"]

1. d4 Nf6 2. c4 e6 3. Nf3 c5 4. d5 d6 5. Nc3 exd5 6. cxd5 g6 7. Nd2 Bg7 8. e4 O-O 9. Be2 Na6 10. O-O Nc7 11. Re1 Rb8 12. a4 a6 13. a5 Bd7 14. Bf1 Nb5 15. Nc4 Nxc3 16. bxc3 Bb5 17. Bf4 Bxc4 18. Bxc4 Ne8 19. e5 dxe5 20. Bxe5 Bxe5 21. Rxe5 Nd6 22. Bd3 Qf6 23. Qe2 Rfe8 24. f4 Qxf4 25. Rxe8+ Rxe8 26. Qb2 Qe3+ 27. Kh1 Qxd3 28. Qb6 Qxd5 29. h3 Qc6 30. Qb2 Ne4 31. Rd1 c4 32. Qc2 h5 33. Rd4 h4 34. Qc1 Ng3+ 35. Kh2 Ne2 36. Qe1 Qc7+ 0-1

[Event "December 5 Early 2023"]
[Site "https://www.chess.com"]
[Date "2023.12.05"]
[Round "8"]
[White "Papasimakopoulos, Alexandros"]
[Black "Rietze, Clemens, Dr."]
[Result "0-1"]
[Board "89"]
[TimeControl "180+1"]
[WhiteFideId "4244125"]
[BlackFideId "24620351"]
[WhiteElo "2645"]
[BlackElo "2515"]
[WhiteTeam "GRE"]
[BlackTeam "GER"]
[WhiteClock "0:00:14"]
[BlackClock "0:00:10"]

1. d4 d5 2. c4 e6 3. Nc3 Bb4 4. cxd5 exd5 5. Qa4+ Nc6 6. Nf3 Nf6 7. Bg5 Qd6 8. Bxf6 Qxf6 9. e3 O-O 10. Be2 Rd8 11. O-O Bf8 12. Rfc1 Be6 13. a3 a6 14. Qd1 Bd6 15. Na4 Ne7 16. Nc5 Bc8 17. b4 b6 18. Nd3 Ng6 19. g3 Bd7 20. Rc3 a5 21. Rac1 axb4 22. Nxb4 Ne7 23. Ne1 Ba4 24. Qd2 c5 25. dxc5 bxc5 26. Nbd3 d4 27. exd4 cxd4 28. Rc4 Bb5 29. R4c2 Bxa3 30. Rb1 Bd7 31. Bf3 Rab8 32. Qa5 Bd6 33. Kg2 Nc6 34. Qa1 Rxb1 35. Qxb1 Ne5 36. Nxe5 Qxe5 37. Nd3 Qf6 38. Rd2 Bf5 39. Qb7 g6 40. h4 h5 41. Qc6 Be7 42. Qb7 Rd7 43. Qa8+ Rd8 44. Qb7 Kg7 45. Nf4 Rd7 46. Qa8 Rd8 47. Qa5 Qd6 48. Nxh5+ Kh7 49. Nf4 Bf6 50. Nd5 Be5 51. Qb6 Qxb6 52. Nxb6 d3 53. Nc4 Bc3 54. Rd1 d2 55. Ne3 Bd3 56. g4 Bb5 57. Be4 Ba4 58. Bc2 Bb5 59. Kf3 Kg7 60. g5 Bc6+ 61. Be4 Bb5 62. Bc2 Rd4 63. Nf1 Bc6+ 64. Ke3 Rxh4 65. Nxd2 Rh3+ 66. Ke2 Bb5+ 67. Nc4 Bxc4+ 68. Bd3 Bxd3+ 69. Rxd3 Rxd3 70. Kxd3 Be5 71. Ke4 Bd6 72. f4 Bb4 73. f5 gxf5+ 74. Kxf5 Bd2 75. g6 fxg6+ 76. Kg4 Kh6 77. Kh4 Bg5+ 78. Kg4 Bf6 79. Kf4 g5+ 80. Kg4 Kg6 81. Kg3 Kf5 82. Kf3 g4+ 83. Kg3 Be5+ 84. Kg2 Kf4 85. Kf2 g3+ 86. Kg2 Kg4 87. Kh1 Kh3 88. Kg1 g2 89. Kf2 Bd4+ 0-1

[Event "December 5 Early 2023"]
[Site "https://www.chess.com"]
[Date "2023.12.05"]
[Round "8"]
[White "Timerkhanov, Alexander"]
[Black "Kurmangaliyeva, Liya"]
[Result "1-0"]
[Board "90"]
[TimeControl "180+1"]
[WhiteFideId "24177938"]
[BlackFideId "13725831"]
[WhiteElo "2645"]
[BlackElo "2511"]
[WhiteTeam "RUS"]
[BlackTeam "KAZ"]
[WhiteClock "0:00:44"]
[BlackClock "0:00:10"]

1. d4 d5 2. Nf3 Nf6 3. g3 e6 4. Bg2 Be7 5. O-O O-O 6. c4 dxc4 7. Qc2 b5 8. a4 b4 9. Qxc4 Ba6 10. Qc2 Nbd7 11. b3 c5 12. Bb2 Rc8 13. dxc5 Bxc5 14. Qd1 Qb6 15. Nbd2 Rfd8 16. a5 Qb5 17. Nc4 Ne5 18. Nfxe5 Rxd1 19. Rfxd1 Nd5 20. Rac1 h6 21. e3 Be7 22. Bd4 Bf6 23. Nd6 Rxc1 24. Rxc1 Qxa5 25. Ra1 Qc7 26. Rxa6 Qc1+ 27. Bf1 Nc3 28. Kg2 Qd2 29. Ndc4 Qc2 30. Rxa7 Nd1 31. Ra8+ Kh7 32. Bd3+ 1-0

[Event "December 5 Early 2023"]
[Site "https://www.chess.com"]
[Date "2023.12.05"]
[Round "8"]
[White "Tan, Jonathan"]
[Black "Ovetchkin, Roman"]
[Result "1-0"]
[Board "91"]
[TimeControl "180+1"]
[WhiteFideId "5200482"]
[BlackFideId "4119991"]
[WhiteElo "2510"]
[BlackElo "2640"]
[WhiteTeam "PHI"]
[BlackTeam "RUS"]
[WhiteClock "0:00:38"]
[BlackClock "0:00:38"]

1. d4 Nf6 2. Nc3 d5 3. Bf4 Bf5 4. f3 e6 5. g4 Bg6 6. h4 h5 7. g5 Nfd7 8. e4 c6 9. exd5 cxd5 10. Nb5 Na6 11. Bd3 Bxd3 12. Qxd3 g6 13. c3 Qb6 14. a4 Be7 15. Ne2 O-O 16. Bg3 Rfc8 17. O-O Nab8 18. a5 Qc6 19. Nf4 Nf8 20. Rfc1 Nbd7 21. Qe2 a6 22. Na3 Bd6 23. Kg2 Re8 24. Nd3 Bxg3 25. Kxg3 Rac8 26. Nc2 Qd6+ 27. f4 Nb8 28. Nce1 Nc6 29. Nf3 Ne7 30. Nfe5 Nf5+ 31. Kh3 Rc7 32. b4 Rec8 33. Nc5 Qe7 34. Qf3 Rd8 35. Re1 Qd6 36. Re2 Qe7 37. Rae1 Qd6 38. Qd3 Kg7 39. Qf3 Nd7 40. Nxf7 Kxf7 41. Rxe6 Nxc5 42. Rxd6 Rxd6 43. bxc5 Rd8 44. Re5 Rcd7 45. Rxf5+ gxf5 46. Qxh5+ Kg8 47. Qg6+ Rg7 48. Qxf5 Re7 49. Kg4 Rf8 50. Qxd5+ Kg7 51. f5 1-0

[Event "December 5 Early 2023"]
[Site "https://www.chess.com"]
[Date "2023.12.05"]
[Round "8"]
[White "Senft, Sean"]
[Black "Belov, Alexei"]
[Result "1/2-1/2"]
[Board "92"]
[TimeControl "180+1"]
[WhiteFideId "2044960"]
[BlackFideId "4128206"]
[WhiteElo "2495"]
[BlackElo "2634"]
[WhiteTeam "USA"]
[BlackTeam "RUS"]
[WhiteClock "0:00:11"]
[BlackClock "0:00:10"]

1. d4 d5 2. c4 e6 3. Nc3 Be7 4. cxd5 exd5 5. Nf3 c6 6. Bf4 Bf5 7. e3 Nf6 8. Bd3 Bxd3 9. Qxd3 Nbd7 10. O-O O-O 11. Ne5 Nxe5 12. Bxe5 Bd6 13. Bxd6 Qxd6 14. Rac1 Rfe8 15. a3 a5 16. Na4 Ne4 17. Nc5 Nxc5 18. Rxc5 a4 19. Rfc1 g6 20. Qc3 Qd7 21. Ra5 Qd8 22. Rxa8 Qxa8 23. Qb4 Qa6 24. h3 h5 25. Rc5 Ra8 26. Rc3 Kg7 27. Qe7 Qb5 28. Qe5+ Kg8 29. Rc2 Qb3 30. Rd2 Rf8 31. f4 Qa2 32. Rf2 Qb1+ 33. Kh2 Qe1 34. Rf3 Qh4 35. f5 Qg5 36. Rg3 Qh6 37. fxg6 fxg6 38. Qe6+ Kh7 39. h4 Qg7 40. Rg5 Qf6 41. Re5 Qxe6 42. Rxe6 Kg7 43. Kg3 Kf7 44. Re5 Re8 45. Rxe8 Kxe8 46. Kf4 Ke7 47. Ke5 b6 48. Kf4 Kf6 49. e4 dxe4 50. Kxe4 Ke6 51. Kf4 Kf6 52. g3 b5 53. Ke4 Ke6 54. Kf4 Kf6 55. Ke3 Kf5 56. Kf3 Kf6 57. Kf4 Ke6 58. Kg5 Kf7 59. g4 hxg4 60. Kxg4 Kf6 61. Kf4 Ke6 62. Kg5 Kf7 63. Kf4 Kf6 64. Kg4 Kf7 65. Kg3 Kf6 66. Kf4 Ke6 67. Ke4 Kd6 68. Kf4 Ke6 1/2-1/2

[Event "December 5 Early 2023"]
[Site "https://www.chess.com"]
[Date "2023.12.05"]
[Round "8"]
[White "Bold, Andre"]
[Black "Jakubowski, Krzysztof"]
[Result "0-1"]
[Board "93"]
[TimeControl "180+1"]
[WhiteFideId "16208471"]
[BlackFideId "1112848"]
[WhiteElo "2490"]
[BlackElo "2630"]
[WhiteTeam "GER"]
[BlackTeam "POL"]
[WhiteClock "0:02:04"]
[BlackClock "0:02:08"]

1. Nf3 g6 2. d4 Bg7 3. c3 d6 4. g3 Nf6 5. Bg2 c6 6. O-O Bg4 7. h3 Bxf3 8. Bxf3 O-O 9. Bg2 e5 10. e3 a5 11. Nd2 Qc7 12. Ne4 Nxe4 13. Bxe4 d5 14. Bg2 Nd7 15. b3 a4 16. Bb2 Rfd8 17. c4 dxc4 18. bxc4 Nb6 19. c5 Nd5 20. Qc2 a3 21. Bc3 Nxc3 22. Qxc3 exd4 23. Qb3 dxe3 24. Rae1 exf2+ 25. Rxf2 Bd4 26. Rf1 0-1

[Event "December 5 Early 2023"]
[Site "https://www.chess.com"]
[Date "2023.12.05"]
[Round "8"]
[White "Guliev, Logman"]
[Black "Reprintsev, Alexander"]
[Result "0-1"]
[Board "94"]
[TimeControl "180+1"]
[WhiteFideId "13400061"]
[BlackFideId "14100541"]
[WhiteElo "2598"]
[BlackElo "2487"]
[WhiteTeam "AZE"]
[BlackTeam "UKR"]
[WhiteClock "0:00:00"]
[BlackClock "0:01:43"]

1. e4 d5 2. exd5 Qxd5 3. Nc3 Qa5 4. d4 Nf6 5. Nf3 Nc6 6. d5 Nb4 7. Bb5+ Bd7 8. Bxd7+ Nxd7 9. a3 Nf6 10. axb4 Qxa1 11. O-O Qa6 12. Qd4 Rd8 13. Bf4 Qb6 14. Qc4 c6 15. dxc6 Qxc6 16. Qa2 e6 17. Ne5 Qa6 18. Qb3 Bd6 19. b5 Qb6 20. Nc4 Bxf4 21. Nxb6 axb6 22. g3 Bd6 23. Rd1 Ke7 24. Qc4 Rd7 25. Na4 Rc7 26. Qh4 Rxc2 27. Nxb6 Rd8 28. Nc4 Bxg3 29. hxg3 Rxd1+ 30. Kg2 g5 31. Qxg5 Rxc4 32. b6 Rd6 0-1